 Dungeon Crawl Stone Soup version 0.22.1-2-g9c5b331 (webtiles) character file.

71 Fang the Skirmisher (level 4, -1/43 HPs)
             Began as a Gargoyle Berserker on Dec 6, 2018.
             Was a Believer of Trog.
             Slain by a gnoll
             ... wielding a cursed +0 whip
              (3 damage)
             ... on level 2 of the Dungeon.
             The game lasted 00:03:09 (1423 turns).

Fang the Skirmisher (Gargoyle Berserker)            Turns: 1423, Time: 00:03:10

Health: -1/43      AC:  5    Str: 27    XL:     4   Next: 24%
Magic:  4/4        EV: 12    Int:  7    God:    Trog [**....]
Gold:   91         SH:  0    Dex:  9    Spells: 3/3 levels left

rFire    . . .     SeeInvis .   a - +0 hand axe
rCold    . . .     Gourm    .   (no shield)
rNeg     + . .     Faith    .   b - +0 animal skin
rPois    ∞         Spirit   .   (no helmet)
rElec    +         Reflect  .   (no cloak)
rCorr    .         Harm     .   (no gloves)
MR       .....                  (no boots)
Stlth    ..........             (no amulet)
HPRegen  0.14/turn              (no ring)
MPRegen  0.09/turn              (no ring)

@: berserking, very quick
A: negative energy resistance 1, electricity resistance, unbreathing,
petrification resistance, rot immunity, AC +3
a: Berserk, Trog's Hand, Renounce Religion


You were on level 2 of the Dungeon.
You worshipped Trog.
Trog was pleased with you.
You were near starving.

You visited 1 branch of the dungeon, and saw 2 of its levels.

You collected 91 gold pieces.

Inventory:

Hand Weapons
 a - a +0 hand axe (weapon)
Armour
 b - a +0 animal skin (worn)
Jewellery
 h - an uncursed ring of protection from cold {unknown}
Scrolls
 d - a scroll of noise {unknown}
 f - 2 scrolls of identify {unknown}
 g - a scroll of teleportation {unknown}
 j - a scroll of fog {unknown}
Potions
 e - a potion of might {unknown}
 i - a potion of degeneration {unknown}
Comestibles
 c - 4 rations


   Skills:
 + Level 3.8 Fighting
 + Level 3.8 Axes
 + Level 2.2 Armour
 + Level 2.1 Dodging
 + Level 0.3 Stealth


You had 3 spell levels left.
You didn't know any spells.
Your spell library was empty.

Dungeon Overview and Level Annotations

Branches:
Dungeon (2/15)

Altars:


Innate Abilities, Weirdness & Mutations

You are resistant to torment.
Your stone body is resilient. (AC +3)
You are immune to poison.
You resist negative energy. (rN+)
You are resistant to electric shocks. (rElec)
You can survive without breathing.
You are immune to petrification.
You are immune to rotting.


Message History

You closely miss the gnoll. You slash the adder!
You kill the adder!
Trog accepts your kill.
You have reached level 4!
You feel stronger. The gnoll hits you but does no damage.
You slash the gnoll!
You kill the gnoll!
Trog accepts your kill.
You completely miss the gnoll. The gnoll misses you.
The gnoll hits you with a whip.
* * * LOW HITPOINT WARNING * * *
Unknown command.
The gnoll hits you but does no damage. The gnoll hits you with a halberd.
* * * LOW HITPOINT WARNING * * *
Found 27 sling bullets and a robe.
Unknown command.
You barely miss the gnoll. You hit the gnoll. You slash the gnoll!
The gnoll hits you with a whip.
You die...

#.###..........# ..
#.#..............#
#=###.#####..........#
#.............########
#..#.#######.########
#...>................
.###....#.#####.########
......gg........#
......g@....#####
#..................
#.......w.#.#######
..........#.#
....#.#.#.#.#
....#.#.#%#.# [.(
#.#.#.#.. .. ..#.#.###


You could see 3 gnolls and a dart slug.

Vanquished Creatures
  An adder (D:2)
  A gnoll (D:2)
  A worm (D:2)
  A dart slug (D:2)
  2 bats (D:1)
  5 giant cockroaches
  11 hobgoblins
  7 jackals
  6 kobolds (D:1)
  A quokka (D:2)
  A frilled lizard (D:1)
  A giant cockroach zombie (D:2)
  2 goblins (D:1)
  3 rats (D:1)
43 creatures vanquished.

Notes
Turn   | Place    | Note
-------+----------+-------------------------------------------
     0 | D:1      | Fang the Gargoyle Berserker began the quest for the Orb.
     0 | D:1      | Reached XP level 1. HP: 14/14 MP: 1/1
   308 | D:1      | Reached XP level 2. HP: 18/19 MP: 2/2
   590 | D:1      | Reached XP level 3. HP: 22/24 MP: 3/3
   844 | D:1      | Reached ** piety under Trog
  1420 | D:2      | Reached XP level 4. HP: 6/29 MP: 4/4
  1422 | D:2      | HP: 2/43 [gnoll/halberd (2)]
  1423 | D:2      | Slain by a gnoll

Skill      XL: |  1  2  3 |
---------------+----------+-----
Axes           | 3 |  3.8
Dodging        | 2 |  2.1
Fighting       | |  3.8
Armour         | |  2.2
Stealth        | |  0.3

Action                   |  1- 3 |  4- 6 || total
-------------------------+-------+-------++-------
Melee: Hand axe          |   114 |     2 ||   116
Invok: Berserk           |     2 |       ||     2
  Eat: Chunk             |     2 |       ||     2
Armor: Animal skin       |    54 |     1 ||    55
Dodge: Dodged            |    89 |     1 ||    90
